AoeStats
← kuriss_07

Arabian Desert

509984733Analyzed
1v1 RM · 4d ago on Sep 28, 2026· 20m 17s· 2 players
Game mode
Random Map
Map size
Tiny (2 player)
Population
200
Speed
Normal
Resources
Standard
Victory
Conquest
Starting age
Dark Age
Ending age
Imperial Age
RankedLock teamsTeams togetherTeam positionsShared explorationLock speedFull tech treeHidden civsTurbo modeCheats
Victory
Defeat
🇦🇷 Franks · Argentina
699
+27
🇲🇽 Japanese · Mexico
711
-39
[G]ohko
10:00 Feudal Age
11:18 Wheelbarrow
11:07 Double-Bit Axe
14:04 Man-at-Arms
17:48 Scale Mail Armor
19:09 Forging
kuriss_07
10:51 Feudal Age
9:07 Loom
12:02 Double-Bit Axe
12:01 Horse Collar
12:17 Gold Mining
13:08 Wheelbarrow
Connection lost

Rejoining the realm…

Still unreachable

The connection could not be restored.

Session expired

The server has moved on; the page needs a fresh start.